 Dungeon Crawl Stone Soup version 0.21.1-1-g345015fe64 (webtiles) character file.

75366 Ivernyr the Warrior (level 15, -9/167 HPs)
             Began as an Ogre Wizard on Apr 28, 2018.
             Was a High Priest of Sif Muna.
             Shot with an arrow by Nessos (21 damage)
             ... on level 14 of the Dungeon on Apr 29, 2018.
             The game lasted 02:38:35 (30741 turns).

Ivernyr the Warrior (Ogre Wizard)                  Turns: 30741, Time: 02:38:36

Health: -9/167     AC: 18    Str: 15    XL:     15   Next: 49%
Magic:  19/51      EV:  9    Int: 24    God:    Sif Muna [*****.]
Gold:   1853       SH:  0    Dex:  7    Spells: 26/42 levels left

rFire    + . .     SeeInvis .   j - +4 trident (venom)
rCold    + . .     Gourm    .   (no shield)
rNeg     . . .     Faith    .   i - +7 swamp dragon scales
rPois    +         Spirit   .   b - +0 hat
rElec    .         Reflect  .   Z - scarf {rC+ rF+}
rCorr    .         Harm     .   (gloves unavailable)
MR       +....                  (boots unavailable)
Stlth    +.........             x - amulet of regeneration
HPRegen  0.77/turn              v - ring of magical power
MPRegen  0.32/turn              m - ring of magical power

@: about to teleport
A: large, unfitting armour, tough skin 1
a: Divine Energy, Channel Magic, Forget Spell, Renounce Religion


You were on level 14 of the Dungeon.
You worshipped Sif Muna.
Sif Muna was extremely pleased with you.
You were near starving.

You visited 2 branches of the dungeon, and saw 20 of its levels.

You collected 1853 gold pieces.

Inventory:

Hand Weapons
 j - a +4 trident of venom (weapon)
Missiles
 X - a large rock (quivered)
Armour
 b - a +0 hat (worn)
 i - +7 swamp dragon scales (worn)
 Z - a scarf of resistance (worn)
Jewellery
 k - an uncursed ring of resist corrosion
 m - a ring of magical power (right hand)
 v - a ring of magical power (left hand)
 x - an amulet of regeneration (around neck)
 G - an uncursed ring of fire
 P - a +3 ring of evasion
 T - an uncursed ring of protection from fire
Wands
 o - a wand of paralysis (18)
 p - a wand of iceblast (29)
 s - a wand of random effects (28)
 y - a wand of digging (48)
 I - a wand of disintegration (35)
 L - a wand of clouds (12)
 O - a wand of flame (41)
 S - a wand of acid (8)
 W - a wand of enslavement (12)
 Y - a wand of scattershot (5)
Scrolls
 c - 4 scrolls of teleportation
 e - 3 scrolls of amnesia
 g - a scroll of fog
 l - 4 scrolls of remove curse
 r - a scroll of enchant armour
 A - 3 scrolls of identify
 D - 2 scrolls of blinking
 K - a scroll of torment {unknown}
 M - a scroll of brand weapon {unknown}
 N - 3 scrolls of magic mapping
 Q - 2 scrolls of summoning {unknown}
 R - a scroll of silence {unknown}
Potions
 a - 5 potions of heal wounds {unknown}
 f - 2 potions of brilliance {unknown}
 h - 7 potions of curing
 n - 2 potions of degeneration {unknown}
 t - 3 potions of cancellation
 u - a potion of invisibility {unknown}
 w - 2 potions of flight {unknown}
 z - 5 potions of haste
 C - 3 potions of mutation {unknown}
 E - 4 potions of ambrosia {unknown}
 F - a potion of berserk rage {unknown}
 H - 4 potions of agility
 J - a potion of magic {unknown}
Books
 q - Bagidecodi's Disquisition on Stolen Souls and Summoning
   (You found it on level 12 of the Dungeon)

   Spells                             Type                      Level
   a - Summon Butterflies             Summoning                    1
   b - Summon Small Mammal            Summoning                    1
   c - Sublimation of Blood           Necromancy                   2
   d - Vampiric Draining              Necromancy                   3
   e - Animate Dead                   Necromancy                   4
   f - Spellforged Servitor           Conjuration/Summoning        7
 B - Utru's Handbook of Spatial Darkness
   (Sif Muna gifted it to you on level 14 of the Dungeon)

   Spells                             Type                      Level
   a - Sublimation of Blood           Necromancy                   2
   b - Lesser Beckoning               Translocation                3
   c - Summon Forest                  Summoning/Translocation      5
   d - Borgnjor's Revivification      Necromancy                   8
   e - Necromutation                  Transmutation/Necromancy     8
 U - a book of Conjurations

   Spells                             Type                      Level
   a - Magic Dart                     Conjuration                  1
   b - Searing Ray                    Conjuration                  2
   c - Dazzling Spray                 Conjuration/Hexes            3
   d - Fulminant Prism                Conjuration/Hexes            4
   e - Force Lance                    Conjuration/Translocation    4
   f - Iskenderun's Mystic Blast      Conjuration                  4
 V - a book of Burglary

   Spells                             Type                      Level
   a - Swiftness                      Charms/Air                   2
   b - Passwall                       Transmutation/Earth          2
   c - Passage of Golubria            Translocation                4
   d - Lee's Rapid Deconstruction     Earth                        5
   e - Darkness                       Hexes                        6
   f - Invisibility                   Hexes                        6
Comestibles
 d - 30 rations


   Skills:
 + Level 15.2 Fighting
 - Level 10.0 Armour
 - Level 2.0 Dodging
 - Level 1.4 Stealth
 * Level 14.0 Spellcasting
 - Level 15.0 Conjurations
   Level 0.8 Summonings
 - Level 0.8 Translocations
 + Level 2.4 Invocations


You had 26 spell levels left.
You knew the following spells:

 Your Spells              Type           Power        Failure   Level  Hunger
a - Force Lance           Conj/Tloc      ######..     2%          4    None
b - Blink                 Tloc           N/A          6%          2    None
c - Conjure Flame         Conj/Fire      ######..     1%          3    None
d - Mephitic Cloud        Conj/Pois/Air  #####...     2%          3    None
e - Swiftness             Chrm/Air       ###.....     9%          2    None
f - Passwall              Tmut/Erth      ###.......   9%          2    None


Dungeon Overview and Level Annotations

Branches:
Dungeon (14/15)            Temple (0/1) D:4            Lair (6/6) D:11
  Swamp (0/4) Lair:4       Spider (0/4) Lair:4        Slime (0/5) Lair:5
    Orc (0/2) D:11
 Vaults: D:13-14

Altars:
Cheibriados
Elyvilon
Fedhas
Gozag
Hepliaklqana
Kikubaaqudgha
Nemelex Xobeh
Sif Muna
Trog
Uskayaw
Vehumet
Wu Jian
Zin
Jiyva

Shops:
D:6 [   D:11 (

Annotations:
D:14 Nessos


Innate Abilities, Weirdness & Mutations

You are too large for most types of armour.
You have tough skin. (AC +1)


Message History

Nessos gestures wildly while chanting.
Nessos seems to speed up.
Nessos wields an uncursed longbow of flaming.
It bursts into flame!
Nessos shoots an arrow.
The arrow barely misses you.
As you read the scroll of teleportation, it crumbles to dust.
You feel strangely unstable.
You feel sick.
Nessos shoots an arrow.
The arrow misses you.
Nessos shoots an arrow.
The arrow hits you.
* * * LOW HITPOINT WARNING * * *
Nessos shoots an arrow.
The arrow hits you!
* * * LOW HITPOINT WARNING * * *
The arrow burns you.
You are more poisoned.
* * * LOW HITPOINT WARNING * * *
You feel better.
Nessos shoots an arrow.
The arrow hits you.
* * * LOW HITPOINT WARNING * * *
The arrow burns you.
* * * LOW HITPOINT WARNING * * *
Nessos shoots an arrow.
The arrow hits you!!
You die...

.######.......###
#...........
####.##...#####...........
#.####.p......p........
#..# #######...........
##.# #........... #.#
#........... #.#
#...........
#.##########....#####
#.#§§§@§.p)p.(...###
#.#§c########(.....#
#..§#........#.....# ###.
.+####'.#.p...# .
#....#.#..[..# ..
#.##.#.#...p.# ..
#.##.#.#.....# ..:
#....#.#.)..(#
#.'####'.#.(...#


You could see Nessos, a vault guard and a neutral human (wandering).

Vanquished Creatures
  Kirke (D:13)
  A dire elephant (Lair:5)
  4 vault guards (D:14)
  7 hydras
  A catoblepas (Lair:6)
  6 two-headed ogres
  Erica (D:8)
  5 death yaks (Lair:6)
  A deep troll shaman (Lair:6)
  Nergalle (D:10)
  8 slime creatures
  2 unseen horrors
  A lindwurm (Lair:6)
  A deep elf mage (D:13)
  An ugly thing (D:13)
  A cyclops (D:12)
  32 elephants
  3 black mambas
  11 spiny frogs
  A gargoyle (D:10)
  6 rime drakes (Lair:5)
  A kobold demonologist (D:12)
  An efreet (D:12)
  4 komodo dragons
  A demonic crawler (Lair:4)
  A queen bee (D:8)
  7 trolls
  Grinder (D:5)
  11 hippogriffs
  2 polar bears
  7 blink frogs
  2 wraiths (D:11)
  8 wyverns
  A spriggan (Lair:5)
  63 yaks
  2 hungry ghosts
  Grum (D:8)
  7 basilisks
  4 vampire mosquitoes
  Edmund (D:5)
  2 acid dragons (D:13)
  14 water moccasins
  A hell hound (Lair:5)
  11 porcupines
  3 ice beasts
  3 black bears
  8 ogres
  11 orc warriors
  3 sky beasts
  3 phantoms
  13 centaurs
  18 wolves
  12 crocodiles
  6 big kobolds
  2 gnoll sergeants (D:11)
  9 bullfrogs
  Blork the orc (D:5)
  A wyvern zombie (D:10)
  6 scorpions
  33 killer bees
  7 wights
  5 howler monkeys
  5 electric eels
  5 crimson imps
  2 quasits
  4 orc priests
  9 hounds
  3 jellies
  5 orc wizards
  Crazy Yiuf (D:6)
  A bullfrog skeleton (D:8)
  2 centaur skeletons (D:12)
  4 iguanas
  5 hell rats (Lair:6)
  9 worker ants
  A hound zombie (D:8)
  4 hound skeletons
  A howler monkey zombie (D:9)
  A worker ant zombie (D:2)
  14 adders
  10 gnolls
  2 shadow imps
  2 oozes
  An adder zombie (D:8)
  4 dart slugs
  5 worms
  4 leopard geckos
  17 orcs
  A ball python (D:7)
  4 giant cockroaches
  4 goblins
  10 hobgoblins
  8 jackals
  21 kobolds
  3 quokkas
  10 bats
  3 frilled lizards
  A jackal zombie (D:5)
  A leopard gecko skeleton (D:5)
  6 rats
585 creatures vanquished.

Vanquished Creatures (others)
  A tengu warrior (D:14)
  5 humans (D:14)
  A crimson imp (D:14)
  93 fungi
  55 plants
155 creatures vanquished.

Grand Total: 740 creatures vanquished

Notes
Turn   | Place    | Note
-------+----------+-------------------------------------------
     0 | D:1      | Ivernyr the Ogre Wizard began the quest for the Orb.
     0 | D:1      | Reached XP level 1. HP: 16/16 MP: 5/5
    51 | D:1      | Reached skill level 1 in Conjurations
   367 | D:1      | Reached XP level 2. HP: 15/24 MP: 0/6
   371 | D:1      | Learned a level 2 spell: Blink
  1053 | D:1      | Reached XP level 3. HP: 23/32 MP: 1/8
  1138 | D:1      | Learned a level 3 spell: Conjure Flame
  1142 | D:1      | Learned a level 3 spell: Mephitic Cloud
  1623 | D:2      | Reached skill level 1 in Fighting
  2336 | D:2      | Reached XP level 4. HP: 40/41 MP: 5/10
  2425 | D:2      | Found an opulent altar of Gozag.
  3078 | D:3      | Found a sparkling altar of Nemelex Xobeh.
  3356 | D:3      | Reached XP level 5. HP: 50/50 MP: 5/11
  3412 | D:3      | Found a white marble altar of Elyvilon.
  3436 | D:3      | Found a hide-covered altar of Uskayaw.
  3553 | D:3      | Found a blossoming altar of Fedhas.
  4235 | D:4      | Found a sparkling altar of Nemelex Xobeh.
  4379 | D:4      | Found a staircase to the Ecumenical Temple.
  4548 | D:4      | Found an opulent altar of Gozag.
  4549 | D:4      | Found an ornate altar of the Wu Jian Council.
  4553 | D:4      | Found a glowing silver altar of Zin.
  4555 | D:4      | Found a bloodstained altar of Trog.
  5031 | D:4      | Noticed a phantom
  5050 | D:4      | Reached XP level 6. HP: 39/61 MP: 13/13
  5101 | D:4      | Killed a phantom
  5101 | D:4      | Reached skill level 5 in Spellcasting
  5319 | D:5      | Entered Level 5 of the Dungeon
  5319 | D:5      | Noticed Grinder
  5333 | D:5      | Paralysed by Grinder for 6 turns
  5339 | D:5      | Killed Grinder
  5339 | D:5      | Reached skill level 1 in Armour
  5339 | D:5      | Reached XP level 7. HP: 49/70 MP: 12/15
  5441 | D:5      | Found a snail-covered altar of Cheibriados.
  5478 | D:5      | Noticed Blork the orc
  5488 | D:5      | Killed Blork the orc
  5709 | D:5      | Reached skill level 5 in Conjurations
  5860 | D:5      | Found a radiant altar of Vehumet.
  5860 | D:5      | Found an ancient bone altar of Kikubaaqudgha.
  5861 | D:5      | Found a deep blue altar of Sif Muna.
  5866 | D:5      | Identified Kikubaaqudgha's Grimoire of Black Secrets
  5877 | D:5      | Became a worshipper of Sif Muna the Loreminder
  5896 | D:5      | Noticed Edmund
  5925 | D:5      | Killed Edmund
  6134 | D:5      | Reached skill level 5 in Fighting
  6134 | D:5      | Reached XP level 8. HP: 73/80 MP: 16/16
  6878 | D:6      | Found Soarghia's Antique Armour Boutique.
  7188 | D:6      | Found a runed door.
  7372 | D:6      | HP: 1/81 [orc warrior/glaive (25)]
  8006 | D:6      | Noticed Crazy Yiuf
  8013 | D:6      | Killed Crazy Yiuf
  8231 | D:7      | Reached * piety under Sif Muna
  8482 | D:7      | Reached XP level 9. HP: 91/91 MP: 19/19
  9032 | D:8      | Noticed Grum
  9459 | D:7      | Reached ** piety under Sif Muna
  9741 | D:8      | Killed Grum
 10098 | D:8      | Reached XP level 10. HP: 89/104 MP: 21/21
 10360 | D:8      | Found a hazy altar of Hepliaklqana.
 10731 | D:8      | Noticed Erica
 10756 | D:8      | Killed Erica
 11459 | D:9      | Reached skill level 5 in Armour
 11744 | D:8      | Reached *** piety under Sif Muna
 12102 | D:9      | Found a blossoming altar of Fedhas.
 12243 | D:10     | Entered Level 10 of the Dungeon
 12258 | D:10     | Noticed Nergalle
 12280 | D:10     | Killed Nergalle
 12280 | D:10     | Reached XP level 11. HP: 72/115 MP: 24/24
 12459 | D:10     | Noticed a two-headed ogre
 12486 | D:10     | Killed a two-headed ogre
 12486 | D:10     | Reached skill level 10 in Conjurations
 12576 | D:10     | Noticed a two-headed ogre
 12610 | D:10     | Killed a two-headed ogre
 12610 | D:10     | Reached skill level 10 in Fighting
 13517 | D:10     | Reached **** piety under Sif Muna
 14372 | D:11     | Reached skill level 10 in Spellcasting
 14567 | D:11     | Found a staircase to the Lair.
 14939 | D:11     | Reached XP level 12. HP: 128/128 MP: 26/26
 14947 | D:11     | Noticed a two-headed ogre
 14978 | D:11     | Killed a two-headed ogre
 15021 | D:11     | Noticed a two-headed ogre
 15035 | D:11     | Killed a two-headed ogre
 15349 | D:11     | Noticed a two-headed ogre
 15368 | D:11     | Killed a two-headed ogre
 15515 | D:11     | Found a staircase to the Orcish Mines.
 15590 | D:11     | Found Paamacota's Weapon Boutique.
 15620 | D:11     | Reached ***** piety under Sif Muna
 15824 | Lair:1   | Entered Level 1 of the Lair of Beasts
 16225 | Lair:1   | Identified Arodghom's Disquisition on Conjuration (Sif Muna gifted it to you on level 1 of the Lair of Beasts)
 16225 | Lair:1   | Received a gift from Sif Muna
 16952 | Lair:2   | Noticed a seven-headed hydra
 16963 | Lair:1   | Killed a seven-headed hydra
 18151 | Lair:2   | Reached XP level 13. HP: 103/140 MP: 28/28
 20514 | Lair:4   | Found a hole to the Spider Nest.
 21282 | Lair:3   | Learned a level 2 spell: Swiftness
 21285 | Lair:3   | Learned a level 2 spell: Passwall
 21770 | Lair:4   | Found a staircase to the Swamp.
 22443 | Lair:5   | Identified Qegorown's Papyrus of Battle Magic (Sif Muna gifted it to you on level 5 of the Lair of Beasts)
 22443 | Lair:5   | Received a gift from Sif Muna
 22488 | Lair:5   | Found a staircase to the Slime Pits.
 22488 | Lair:5   | Found a viscous altar of Jiyva.
 22881 | Lair:5   | Reached XP level 14. HP: 148/153 MP: 30/30
 23832 | Lair:5   | Noticed a dire elephant
 23844 | Lair:5   | Killed a dire elephant
 25237 | Lair:6   | Entered Level 6 of the Lair of Beasts
 26855 | Lair:6   | Identified Sif Muna's Papyrus of Damage Dealing (Sif Muna gifted it to you on level 6 of the Lair of Beasts)
 26855 | Lair:6   | Received a gift from Sif Muna
 27244 | Lair:6   | Learned a level 4 spell: Force Lance
 27244 | Lair:6   | Identified Sif Muna's Compendium of Aerial Transformation
 27625 | D:12     | Reached XP level 15. HP: 165/165 MP: 16/32
 28324 | D:12     | Reached skill level 15 in Conjurations
 28719 | D:12     | Identified Bagidecodi's Disquisition on Stolen Souls and Summoning
 29298 | D:13     | Reached skill level 15 in Fighting
 29461 | D:13     | Reached skill level 10 in Armour
 30248 | D:14     | Noticed Kirke
 30261 | D:13     | Killed Kirke
 30261 | D:13     | Reached skill level 1 in Invocations
 30731 | D:14     | Identified Utru's Handbook of Spatial Darkness (Sif Muna gifted it to you on level 14 of the Dungeon)
 30731 | D:14     | Received a gift from Sif Muna
 30735 | D:14     | Noticed Nessos
 30741 | D:14     | Shot with an arrow by Nessos

Skill      XL: |  1  2  3  4  5  6  7  8  9 10 11 12 13 14 15 |
---------------+----------------------------------------------+-----
Conjurations   | 1 2 3 4 5 6 8 9 11 12 13 14 15 | 15.0
Dodging        | 2 |  2.0
Fighting       | 1 2 3 4 5 6 7 9 10 12 13 14 15 | 15.2
Spellcasting   | 4 5 6 7 9 10 11 12 13 14 | 14.0
Armour         | 1 2 3 4 5 6 7 8 9 10 | 10.0
Invocations    | 2 |  2.4
Stealth        | |  1.4
Summonings     | |  0.8
Translocations | |  0.8

Action                   |  1- 3 |  4- 6 |  7- 9 | 10-12 | 13-15 || total
-------------------------+-------+-------+-------+-------+-------++-------
Melee: Unarmed           |    84 |    12 |       |       |       ||    96
       Quarterstaff      |       |    65 |    23 |       |       ||    88
       Spear             |       |       |    33 |       |       ||    33
       Trident           |       |       |    39 |   703 |   863 ||  1605
Throw: Large rock        |       |       |       |       |     2 ||     2
 Cast: Magic Dart        |    85 |   144 |   390 |   442 |   236 ||  1297
       Blink             |       |     1 |    12 |    30 |    80 ||   123
       Conjure Flame     |       |       |     5 |    64 |   138 ||   207
       Mephitic Cloud    |       |       |       |    21 |     1 ||    22
       Force Lance       |       |       |       |       |   129 ||   129
Invok: Forget Spell      |       |       |       |       |     1 ||     1
  Use: Scroll            |       |     9 |     4 |     8 |    21 ||    42
       Potion            |       |       |       |       |     1 ||     1
 Stab: Confused          |       |       |       |     2 |     1 ||     3
  Eat: Chunk             |     3 |     7 |    16 |    24 |    37 ||    87
       Ration            |       |     1 |     1 |     1 |     1 ||     4
Armor: Robe              |    16 |       |       |       |       ||    16
       Swamp dragon scal |    16 |    99 |   195 |   412 |   877 ||  1599
Dodge: Dodged            |    41 |    80 |   202 |   308 |   597 ||  1228
